 Dungeon Crawl Stone Soup version 0.14-a0-736-g2a71271 (webtiles) character file.

1666 Malachi the Ruffian (level 8, 0/62 HPs)
             Began as a Purple Draconian Transmuter on Nov 7, 2013.
             Was an Initiate of Sif Muna.
             Killed from afar by an electric eel (12 damage)
             ... with a bolt of electricity
             ... on Level 6 of the Dungeon.
             The game lasted 00:14:30 (8430 turns).

Malachi the Ruffian (Purple Draconian Transmuter)   Turns: 8430, Time: 00:14:30

HP   0/62        AC  9     Str 14      XL: 8   Next: 40%
MP  12/12        EV 14     Int 15      God: Sif Muna [......]
Gold 276         SH  0     Dex 11      Spells:  3 memorised,  5 levels left

Res.Fire  : . . .   See Invis. : .     - Unarmed
Res.Cold  : . . .   Warding    : .   (armour unavailable)
Life Prot.: . . .   Conserve   : +   (no shield)
Res.Poison: .       Res.Corr.  : +   (helmet restricted)
Res.Elec. : .       Clarity    : .   E - +2 cloak {rCorr, Cons} (curse)
Sust.Abil.: . .     Spirit.Shd : .   (no gloves)
Res.Mut.  : .       Stasis     : .   (no boots)
Res.Rott. : .       Flight     : .   (no amulet)
Saprovore : . . .                    (no ring)
                                     f - ring of invisibility

@: short of breath, somewhat resistant to hostile enchantments, unstealthy
A: breathe power, unfitting armour, AC +6
a: Breathe Dispelling Energy, Renounce Religion, Evoke Invisibility


You were on level 6 of the Dungeon.
You worshipped Sif Muna.
Sif Muna was noncommittal.
You were not hungry.

You visited 2 branches of the dungeon, and saw 7 of its levels.

You collected 276 gold pieces.

Inventory:

Missiles
 b - 55 arrows
 v - 2 javelins (quivered)
Armour
 E - a cursed +2 cloak of preservation (worn)
Magical devices
 A - a wand of polymorph (21)
Comestibles
 a - 3 bread rations
 k - 2 meat rations
 z - 18 strawberries
Scrolls
 e - 9 scrolls of identify
 g - a scroll of remove curse {unknown}
 h - a scroll of teleportation {unknown}
 m - a scroll of amnesia
 n - a scroll of blinking
 q - a scroll of recharging
 r - a scroll of magic mapping {unknown}
Jewellery
 f - a ring of invisibility (left hand)
Potions
 c - a potion of brilliance
 i - a potion of magic
 j - a potion of agility {unknown}
 l - 2 potions of curing
 o - 2 potions of speed
 p - 2 potions of restore abilities
 s - a potion of paralysis {unknown}
 u - a potion of heal wounds
Books
 d - a book of Changes

   Spells                             Type                      Level
   *Beastly Appendage                 Transmutation                1
   *Sticks to Snakes                  Transmutation                2
   *Spider Form                       Transmutation/Poison         3
   Ice Form                           Ice/Transmutation            4
   Blade Hands                        Transmutation                5
 w - a book of Callings

   Spells                             Type                      Level
   Summon Small Mammal                Summoning                    1
   Call Imp                           Summoning                    2
   Call Canine Familiar               Summoning                    3
   Summon Scorpions                   Summoning/Poison             4
   Summon Ice Beast                   Ice/Summoning                4
 D - a book of Unlife

   Spells                             Type                      Level
   Recall                             Summoning/Translocation      3
   Animate Dead                       Necromancy                   4
   Control Undead                     Necromancy                   4
   Twisted Resurrection               Necromancy                   5
   Death Channel                      Necromancy                   6
   Simulacrum                         Ice/Necromancy               6


   Skills:
 + Level 3.3 Fighting
 - Level 0.1 Throwing
 + Level 5.5 Dodging
 - Level 0.2 Stealth
 + Level 5.9 Unarmed Combat
 - Level 2.4 Spellcasting
 * Level 4.7 Transmutations
 * Level 4.0 Poison Magic


You had 5 spell levels left.
You knew the following spells:

 Your Spells              Type           Power        Failure   Level  Hunger
a - Beastly Appendage     Trmt           ###...       3%          1    #......
b - Sticks to Snakes      Trmt           ###.......   6%          2    ##.....
c - Spider Form           Trmt/Pois      ###.......   12%         3    ####...


Dungeon Overview and Level Annotations

Branches:
Dungeon (6/27)             Temple (1/1) D:6             Orc (0/4) D:6

Altars:
Ashenzari
Cheibriados
Fedhas
Kikubaaqudgha
Makhleb
Nemelex Xobeh
Okawaru
Sif Muna
Trog
Vehumet
Xom
Yredelemnul
Zin


Message History

The bolt of electricity misses you.
The electric eel shoots out a bolt of electricity!
The bolt of electricity hits you!
Use which ability? (? or * to list)
Press: ? - help, Shift-Dir - straight line, f/p - electric eel
Aim: an electric eel You spit a bolt of dispelling energy.
The bolt of dispelling energy hits the electric eel.
The electric eel is severely wounded.
You feel somewhat more hungry.
The electric eel shoots out a bolt of electricity!
The bolt of electricity hits the plant.
The bolt of electricity hits you!
The electric eel shoots out a bolt of electricity!
The bolt of electricity hits the plant.
The bolt of electricity hits you!
The electric eel shoots out a bolt of electricity!
The bolt of electricity hits you!
* * * LOW HITPOINT WARNING * * *
The electric eel shoots out a bolt of electricity!
The bolt of electricity hits you!
You die...

##....######.##(..#
##...##...#.##...######
#...##...#.##...≈P≈≈≈≈P
###.##...#.##...≈P≈≈P≈≈ #
#.###....##..).≈≈≈P≈≈ ##
#.###....##....≈≈≈≈P≈≈
.######.##.....##(...PP≈≈≈≈≈
.....##.##...#.##.....P≈;≈≈≈
................@....≈≈≈P≈≈
..........>......#...≈;≈≈≈≈
####.##.######.#.#...≈≈≈;≈≈
.# #....##...#.#.#..PPP≈≈≈
.# #....##.....#....P≈≈PP≈
.###..).##.....#....######
....<.................#
......................#
...#.#...#####...)....#


You could see 2 electric eels.

Vanquished Creatures
  The ghost of HungrySpirit the Chopper, an average FoFi (D:4)
  2 phantoms
  2 ogres (D:4)
  2 centaurs (D:5)
  Duvessa (D:6)
  Blork the orc (D:4)
  Dowan (D:6)
  3 crimson imps
  Crazy Yiuf (D:5)
  An orc priest (D:5)
  A hound (D:4)
  5 orc wizards
  A worker ant (D:4)
  Ijyb (D:5)
  5 adders
  A giant mite (D:2)
  2 worms
  18 orcs
  A bat skeleton (D:4)
  12 giant cockroaches
  14 goblins
  7 hobgoblins
  10 jackals
  12 kobolds
  3 quokkas
  15 bats
  6 giant newts
  A giant newt skeleton (D:5)
  A hobgoblin zombie (D:5)
  A kobold skeleton (D:5)
  10 rats
  A fungus (D:5)
143 creatures vanquished.

Vanquished Creatures (collateral kills)
  2 orcs (D:3)
2 creatures vanquished.

Grand Total: 145 creatures vanquished

Notes
Turn   | Place    | Note
--------------------------------------------------------------
     0 | D:1      | Malachi, the Draconian Transmuter, began the quest for the Orb.
     0 | D:1      | Reached XP level 1. HP: 16/16 MP: 1/1
   356 | D:1      | Reached XP level 2. HP: 17/23 MP: 3/3
  1158 | D:2      | Reached XP level 3. HP: 26/28 MP: 4/4
  1190 | D:2      | Learned a level 2 spell: Sticks to Snakes
  1194 | D:2      | Learned a level 3 spell: Spider Form
  1667 | D:2      | Reached XP level 4. HP: 26/35 MP: 4/6
  2039 | D:2      | Reached skill level 1 in Poison Magic
  2601 | D:3      | Found a shimmering altar of Xom.
  2602 | D:3      | Found a shimmering altar of Xom.
  2604 | D:3      | Found a shimmering altar of Xom.
  2604 | D:3      | Found a shimmering altar of Xom.
  2615 | D:3      | Found a shimmering altar of Xom.
  2735 | D:3      | Found an ancient bone altar of Kikubaaqudgha.
  2876 | D:3      | Found a radiant altar of Vehumet.
  3024 | D:3      | Reached skill level 4 in Unarmed Combat
  3253 | D:4      | Noticed an ogre
  3255 | D:4      | Noticed a phantom
  3263 | D:4      | Killed an ogre
  3263 | D:4      | Reached XP level 5. HP: 19/41 MP: 3/7
  3700 | D:4      | Noticed an ogre
  3715 | D:4      | Killed an ogre
  3715 | D:4      | Reached XP level 6. HP: 24/48 MP: 1/9
  4194 | D:4      | Killed a phantom
  4530 | D:4      | Noticed HungrySpirit's ghost (average FoFi)
  4551 | D:4      | Killed HungrySpirit's ghost
  4551 | D:4      | Your scales start taking on a rich purple colour.
  4551 | D:4      | Reached XP level 7. HP: 41/55 MP: 8/11
  4633 | D:4      | Noticed Blork the orc
  4649 | D:4      | Killed Blork the orc
  4649 | D:4      | Reached skill level 5 in Unarmed Combat
  4993 | D:5      | Entered Level 5 of the Dungeon
  5836 | D:5      | Noticed Ijyb
  5850 | D:5      | Killed Ijyb
  5976 | D:5      | Found an iron altar of Okawaru.
  5981 | D:5      | Found a basalt altar of Yredelemnul.
  6093 | D:5      | Reached skill level 5 in Dodging
  6093 | D:5      | Reached XP level 8. HP: 57/62 MP: 9/12
  6837 | D:5      | Noticed Crazy Yiuf
  6846 | D:5      | Killed Crazy Yiuf
  6860 | D:5      | Identified a +1 cloak of preservation (You took it off Crazy Yiuf on level 5 of the Dungeon)
  6948 | D:6      | Noticed Duvessa
  6951 | D:6      | Noticed Dowan
  6970 | D:6      | Killed Duvessa
  7373 | D:6      | Found a staircase to the Ecumenical Temple.
  7492 | Temple   | Entered the Ecumenical Temple
  7685 | Temple   | Became a worshipper of Sif Muna the Loreminder
  7880 | D:6      | Found a staircase to the Orcish Mines.
  7945 | D:6      | Killed Dowan
  8430 | D:6      | Killed from afar by an electric eel

Action                   |  1- 3 |  4- 6 |  7- 9 || total
-------------------------+-------+-------+-------++-------
Melee: Unarmed           |   172 |   223 |   253 ||   648
Throw: Javelin           |       |       |     3 ||     3
 Cast: Beastly Appendage |     7 |    14 |    12 ||    33
       Sticks to Snakes  |       |     2 |       ||     2
       Spider Form       |       |     4 |     7 ||    11
 Abil: End Transformatio |       |     1 |     8 ||     9
       Breathe Dispellin |       |       |    18 ||    18
  Use: Scroll            |       |     4 |    12 ||    16
       Potion            |       |     3 |     2 ||     5
 Stab: Confused          |       |       |     1 ||     1
